 Dungeon Crawl Stone Soup version 0.16-a0-259-g9aa467b (webtiles) character file.

193 Qrupt the Caller (level 5, -2/28 HPs)
             Began as a Tengu Summoner on Aug 24, 2014.
             Slain by a gnoll
             ... wielding a +0 halberd
              (15 damage)
             ... on Level 4 of the Dungeon.
             The game lasted 00:11:58 (3314 turns).

Qrupt the Caller (Tengu Summoner)                   Turns: 3314, Time: 00:11:58

HP  -2/28        AC  3     Str  9      XL: 5   Next: 72%
MP  11/14        EV 12     Int 15      God:
Gold 121         SH  0     Dex 15      Spells:  2 memorised,  8 levels left

rFire  . . .     SeeInvis .     q - +0 long sword
rCold  . . .     Clarity  .     a - +0 robe
rNeg   + . .     rCorr    .     (no shield)
rPois  .         rRot     .     (helmet restricted)
rElec  .         Spirit   .     t - +0 cloak
SustAb .         Warding  .     (no gloves)
rMut   .         Stasis   .     (boots unavailable)
Gourm  .                        (no amulet)
MR     .....                    (no ring)
                                w - cursed ring of positive energy

@: not resistant to hostile enchantments, unstealthy
A: able to fly, beak, talons 3
a: Fly


You were on level 4 of the Dungeon.
You were not hungry.

You visited 1 branch of the dungeon, and saw 4 of its levels.

You collected 121 gold pieces.

Inventory:

Hand weapons
 q - a +0 long sword (weapon)
Armour
 a - a +0 robe (worn)
 t - a +0 cloak (worn)
Comestibles
 c - 3 bread rations
 j - 3 meat rations
 s - a fruit
 x - a chunk of worker ant flesh
Scrolls
 d - 2 scrolls of teleportation
 e - a scroll of enchant armour {unknown}
 f - 2 scrolls of identify {unknown}
 k - 2 scrolls of fog {unknown}
 o - a scroll of remove curse {unknown}
 p - 2 scrolls of random uselessness {unknown}
 r - a scroll of immolation {unknown}
 u - a scroll of fear {unknown}
Jewellery
 w - a cursed ring of positive energy (left hand)
Potions
 h - a potion of restore abilities {unknown}
 l - 2 potions of might
 m - a potion of lignification {unknown}
 n - a potion of invisibility {unknown}
 v - a potion of brilliance {unknown}
Books
 b - a book of Callings

   Spells                             Type                      Level
   *Summon Small Mammal               Summoning                    1
   *Call Imp                          Summoning                    2
   Call Canine Familiar               Summoning                    3
   Summon Guardian Golem              Hexes/Summoning              4
   Summon Lightning Spire             Summoning/Air                4
   Summon Ice Beast                   Ice/Summoning                4


   Skills:
 + Level 2.9 Long Blades
 - Level 2.1 Dodging
 - Level 2.0 Stealth
 + Level 3.8 Spellcasting
 - Level 5.8 Summonings


You had 8 spell levels left.
You knew the following spells:

 Your Spells              Type           Power        Failure   Level  Hunger
a - Summon Small Mammal   Summ           ###.         1%          1    None
b - Call Imp              Summ           ###.....     2%          2    ##.....


Dungeon Overview and Level Annotations

Branches:
Dungeon (4/15)
 Temple: D:4-7

Altars:
Ashenzari
Kikubaaqudgha
Okawaru


Innate Abilities, Weirdness & Mutations

You can fly.
You have a beak for a mouth.
You have claws for feet.


Message History

You kill the kobold!
The gnoll misses you.
Casting: Call Imp
Confirm with . or Enter, or press ? or * to list all spells.
A beastly little devil appears in a puff of flame.
The gnoll throws a throwing net.
The throwing net closely misses your crimson imp.
The throwing net closely misses you.
You open the door. The gnoll barely misses you.
The gnoll hits you from afar with a halberd!
Your crimson imp hits the gnoll.
The gnoll completely misses your crimson imp.
Your crimson imp hits the gnoll.
There is an open door here.
Casting: Call Imp
Confirm with . or Enter, or press ? or * to list all spells.
A beastly little devil appears in a puff of flame.
The gnoll hits you from afar with a halberd!
Ouch! That really hurt!
You die...

.........## #.......# #....
#.).[.#...###.......# ##...
#.._).##............# #...
#.).).#..##.....######### #...
.........##............... #..#
..###...........##........ # #..#
...#.....##.....##........##.#..#
#.......########.5........#......
##.....## #@#.......?#......
####### #.#........#......
#g#..g............
###g#(.......#####..
#...5g5....... .....
#...#...g.... ......
#...#........ _..(..
#...#######.. ..... ##### 8...


You could see 2 gnolls and 2 friendly crimson imps.

Vanquished Creatures
  An ogre (D:4)
  Crazy Yiuf (D:2)
  An adder (D:3)
  A giant mite (D:3)
  3 worms
  2 giant geckos
  A giant cockroach (D:1)
  5 goblins
  5 hobgoblins
  A ball python (D:2)
  4 bats
  4 giant newts
  A gnoll skeleton (D:4)
  A jackal (D:3)
  5 kobolds
  A quokka (D:3)
  2 rats
39 creatures vanquished.

Vanquished Creatures (collateral kills)
  A worker ant (D:4)
  An adder (D:3)
  3 worms
  2 giant geckos
  A ball python (D:1)
  A giant cockroach (D:3)
  2 jackals (D:3)
  A giant newt (D:1)
  4 kobolds
  2 rats
18 creatures vanquished.

Vanquished Creatures (others)
  An iron imp (D:4)
  A crimson imp (D:2)
  A bat (D:1)
  A quokka (D:1)
4 creatures vanquished.

Grand Total: 61 creatures vanquished

Notes
Turn   | Place    | Note
--------------------------------------------------------------
     0 | D:1      | Qrupt, the Tengu Summoner, began the quest for the Orb.
     0 | D:1      | Reached XP level 1. HP: 10/10 MP: 3/3
    81 | D:1      | Reached skill level 5 in Summonings
   313 | D:1      | Reached XP level 2. HP: 15/15 MP: 2/6
  1174 | D:2      | Learned a level 2 spell: Call Imp
  1269 | D:2      | Reached XP level 3. HP: 19/19 MP: 7/7
  1368 | D:2      | Noticed Crazy Yiuf
  1385 | D:2      | Killed Crazy Yiuf
  1385 | D:2      | Reached skill level 1 in Long Blades
  1385 | D:2      | Reached XP level 4. HP: 22/24 MP: 2/10
  2461 | D:3      | Found a shattered altar of Ashenzari.
  2507 | D:3      | Reached XP level 5. HP: 25/28 MP: 13/13
  2758 | D:4      | Found an ancient bone altar of Kikubaaqudgha.
  2789 | D:4      | Noticed an ogre
  2888 | D:4      | Killed an ogre
  3261 | D:4      | Found an iron altar of Okawaru.
  3314 | D:4      | Slain by a gnoll

Action                   |  1- 3 |  4- 6 || total
-------------------------+-------+-------++-------
Melee: Unarmed           |     5 |       ||     5
       Club              |    38 |       ||    38
       Long sword        |    16 |    71 ||    87
 Cast: Summon Small Mamm |    14 |       ||    14
       Call Imp          |     3 |    12 ||    15
 Abil: Fly               |       |     1 ||     1
  Use: Potion            |       |     3 ||     3
       Scroll            |       |     1 ||     1
 Stab: Sleeping          |     4 |     2 ||     6
  Eat: Chunk             |     1 |     7 ||     8
       Fruit             |       |     1 ||     1
